Map: Bel'Shir Vestige LE (Void)

Players

Serral - Winner!

  • Race: Zerg Zerg
  • Spawn Location: 11:00

PiLiPiLi

  • Race: Protoss Protoss
  • Spawn Location: 5:00

Event: IEM XI Katowice - World Championship 2017

VOD

Have the link to the VOD?

Description

Time

  • Played on: March 3, 2017, 1:18 a.m.
  • Length: 9:53

All games in this series

Show
View Real Time Build Order
Export as new Build Order

Serral Zerg - Winner!

Build Orders: Pool First 

Get SALT Encoding   

  12  0:17  Spawning Pool  
  11  0:22  Drone  
  11  0:27  Drone  
  13  0:31  Drone  
  14  0:40  Overlord  
  14  1:04  Zergling x4  
  14  1:05  Zergling x2  
  17  1:18  Hatchery  
  16  1:19  Zergling x2  
  17  1:27  Zergling x2  
  18  1:35  Queen  
  20  1:41  Overlord  
  20  1:48  Drone  
  21  2:02  Drone  
  22  2:10  Queen  
  22  2:11  Drone  
  25  2:22  Drone  
  24  2:32  Drone x2  
  24  2:38  Queen  
  24  2:39  Extractor  
  24  2:43  Drone  
  25  2:46  Queen, Drone  
  25  2:48  Drone  
  29  2:52  Drone  
  29  2:55  Drone  
  31  3:01  Drone x2  
  33  3:07  Overlord  
  33  3:10  Drone  
  34  3:18  Drone  
  34  3:19  Drone  
  36  3:21  Overlord  
  36  3:25  Drone x2  
  38  3:28  Drone  
  38  3:33  Drone  
  40  3:35  Drone  
  41  3:47  Drone x3  
  44  3:51  Metabolic Boost  
  44  3:55  Hatchery  
  43  3:59  Zergling x4  
  43  4:01  Drone  
  46  4:03  Drone  
  46  4:06  Drone  
  46  4:07  Spore Crawler  
  47  4:10  Drone x2  
  47  4:12  Drone  
  50  4:17  Spore Crawler  
  50  4:21  Drone x2  
  50  4:22  Drone  
  52  4:24  Lair  
  52  4:28  Overlord  
  52  4:31  Overlord  
  52  4:35  Extractor  
  52  4:36  Evolution Chamber, Extractor  
  52  4:37  Drone  
  50  4:39  Drone  
  50  4:40  Drone  
  50  4:43  Overlord  
  52  4:46  Overlord  
  52  4:49  Drone  
  52  4:51  Drone x2  
  55  4:53  Drone  
  55  4:54  Drone  
  55  4:57  Overlord  
  55  4:59  Drone  
  57  5:00  Drone  
  57  5:01  Drone  
  57  5:06  Zerg Melee Weapons Level 1  
  59  5:11  Zergling x2  
  59  5:12  Zergling x4  
  62  5:20  Spore Crawler  
  62  5:21  Drone x3  
  64  5:22  Overseer  
  64  5:27  Hydralisk Den, Drone x2  
  65  5:29  Zergling x6  
  65  5:31  Drone x2  
  65  5:35  Overlord  
  70  5:39  Extractor  
  70  5:40  Zergling x6  
  70  5:41  Overlord  
  72  5:43  Drone  
  72  5:45  Drone  
  72  5:49  Drone  
  75  5:50  Baneling Nest  
  75  5:52  Zergling x2  
  75  5:55  Zergling x8  
  78  6:01  Drone, Muscular Augments  
  78  6:04  Drone x4  
  81  6:06  Extractor  
  81  6:09  Drone  
  81  6:10  Drone x3  
  85  6:14  Overlord  
  85  6:16  Extractor  
  85  6:20  Overlord x2  
  85  6:24  Hydralisk x2  
  89  6:32  Hydralisk x4  
  89  6:37  Overlord  
  89  6:38  Overlord x2  
  97  6:40  Baneling  
  97  6:41  Baneling x3  
  97  6:43  Overlord  
  97  6:48  Hydralisk, Overlord  
  99  6:54  Hydralisk  
  99  6:55  Hydralisk x2  
  105  7:02  Hydralisk  
  105  7:03  Hydralisk x3  
  113  7:11  Hatchery  
  113  7:14  Hydralisk x3  
  118  7:20  Zerg Missile Weapons Level 1  
  118  7:23  Hydralisk x2  
  120  7:35  Hydralisk x2  
  120  7:36  Zergling x16  
  119  7:45  Zergling x16  
  125  7:56  Hydralisk x3  
  127  8:04  Hydralisk x5  
  133  8:12  Hydralisk  
  132  8:15  Hydralisk x2  
  130  8:20  Zergling x8  
  126  8:28  Hydralisk x2  
  126  8:29  Hydralisk  
  130  8:38  Hydralisk x4  
  133  8:46  Hydralisk x2  
  133  8:47  Zergling x6  
  138  8:52  Hydralisk x2, Zergling x2  
  138  8:53  Zergling x4  
  145  8:58  Hydralisk, Zergling x2  
  145  8:59  Zergling x6  
  145  9:03  Hydralisk x2  
  145  9:04  Zergling x2  
  145  9:08  Queen  
  145  9:09  Zergling x2  
  151  9:10  Zergling x4  
  152  9:18  Overlord  
  152  9:19  Overlord x2  
  152  9:20  Overlord  
  152  9:21  Overlord  
  152  9:23  Overlord  
Show
View Real Time Build Order
Export as new Build Order

PiLiPiLi Protoss 

Build Orders: 1 Gate Expand, Oracle Opening 

Get SALT Encoding   

  12  0:01  Probe (Chrono Boost)  
  13  0:11  Probe (Chrono Boost)  
  14  0:20  Pylon  
  14  0:22  Probe (Chrono Boost)  
  15  0:38  Probe (Chrono Boost)  
  15  0:39  Gateway  
  16  0:43  Assimilator  
  16  0:49  Probe (Chrono Boost)  
  17  0:59  Probe (Chrono Boost)  
  18  1:10  Probe (Chrono Boost)  
  19  1:19  Nexus  
  19  1:22  Probe (Chrono Boost)  
  20  1:34  Cybernetics Core, Probe (Chrono Boost)  
  20  1:39  Assimilator  
  21  1:45  Probe (Chrono Boost)  
  22  1:48  Pylon  
  22  2:17  Mothership Core (Chrono Boost)  
  21  2:33  Probe (Chrono Boost)  
  20  2:38  Probe (Chrono Boost)  
  20  2:44  Probe (Chrono Boost)  
  22  2:50  Pylon  
  22  2:51  Probe (Chrono Boost)  
  23  2:54  Probe (Chrono Boost)  
  24  3:01  Probe (Chrono Boost)  
  24  3:02  Assimilator  
  24  3:05  Probe (Chrono Boost)  
  26  3:10  Stargate  
  26  3:12  Probe (Chrono Boost)  
  27  3:14  Warp Gate, Adept  
  27  3:16  Probe (Chrono Boost)  
  30  3:22  Probe (Chrono Boost)  
  31  3:29  Probe (Chrono Boost)  
  31  3:33  Probe (Chrono Boost)  
  33  3:41  Probe (Chrono Boost)  
  34  3:43  Gateway  
  34  3:44  Probe (Chrono Boost)  
  35  3:50  Oracle  
  35  3:53  Probe (Chrono Boost)  
  40  3:55  Probe (Chrono Boost)  
  40  4:03  Pylon  
  40  4:05  Probe (Chrono Boost)  
  40  4:08  Probe (Chrono Boost)  
  42  4:11  Gateway  
  43  4:17  Probe (Chrono Boost)  
  43  4:20  Probe (Chrono Boost)  
  43  4:23  Phoenix  
  44  4:28  Pylon  
  44  4:29  Probe (Chrono Boost)  
  48  4:32  Probe (Chrono Boost)  
  48  4:41  Probe (Chrono Boost)  
  48  4:43  Nexus  
  48  4:44  Probe (Chrono Boost)  
  51  4:53  Probe (Chrono Boost)  
  51  4:58  Probe (Chrono Boost)  
  52  5:05  Pylon, Probe (Chrono Boost)  
  53  5:08  Assimilator  
  53  5:09  Probe (Chrono Boost)  
  53  5:10  Assimilator  
  54  5:15  Probe (Chrono Boost)  
  54  5:19  Probe (Chrono Boost)  
  56  5:24  Adept x2  
  56  5:26  Probe (Chrono Boost)  
  61  5:30  Probe (Chrono Boost)  
  61  5:33  Fleet Beacon  
  62  5:37  Probe (Chrono Boost)  
  62  5:41  Probe (Chrono Boost)  
  62  5:42  Adept  
  66  5:47  Probe (Chrono Boost)  
  66  5:48  Adept x2  
  70  5:55  Probe (Chrono Boost)  
  70  5:56  Probe (Chrono Boost)  
  72  5:58  Probe (Chrono Boost)  
  72  6:01  Stargate  
  72  6:02  Assimilator  
  72  6:04  Assimilator, Stargate  
  73  6:06  Probe x2 (Chrono Boost)  
  73  6:07  Carrier  
  73  6:08  Probe (Chrono Boost)  
  73  6:11  Pylon  
  76  6:13  Pylon  
  76  6:17  Probe x2 (Chrono Boost)  
  78  6:19  Probe (Chrono Boost)  
  85  6:29  Probe x2 (Chrono Boost)  
  85  6:30  Pylon  
  85  6:31  Probe (Chrono Boost)  
  88  6:34  Carrier  
  88  6:35  Graviton Catapult  
  90  6:40  Probe x2 (Chrono Boost)  
  90  6:43  Probe (Chrono Boost)  
  97  6:53  Probe x2 (Chrono Boost)  
  97  6:54  Pylon  
  99  7:00  Carrier  
  99  7:01  Pylon  
  99  7:04  Pylon  
  105  7:17  Adept x2  
  105  7:20  Adept, Forge  
  105  7:21  Pylon  
  105  7:22  Carrier  
  111  7:45  Pylon  
  111  7:50  Adept x3  
  113  7:51  Carrier  
  113  7:56  Pylon  
  113  8:02  Photon Cannon  
  113  8:03  Photon Cannon  
  119  8:05  Photon Cannon  
  119  8:09  Photon Cannon  
  119  8:15  Adept x3  
  119  8:16  Carrier  
  101  8:34  Photon Cannon  
  93  8:45  Adept x2  
  93  8:46  Zealot  
  105  8:49  Photon Cannon  
  105  8:51  Photon Cannon  
  105  8:52  Pylon, Photon Cannon  
  105  8:53  Photon Cannon  
  105  8:54  Pylon  
  94  9:03  Pylon  
  94  9:07  Zealot x2  
  81  9:17  Photon Cannon  
  81  9:21  Photon Cannon  
  81  9:23  Photon Cannon  
  87  9:26  Cybernetics Core  
  84  9:33  Zealot  

Tags
 
Add a new tag
Caveats
  • Supply blocks, unpowered buildings, or Contaminate may cause inaccurate times.
  • Supply counts are checked every 10 seconds.